 Dungeon Crawl Stone Soup version 0.30.0-19-g36f170ea60 (webtiles) character file.

Game seed: 12560014190199172137

780 PriceMaster the Thaumaturge (level 7, -1/36 HPs)
             Began as a Deep Elf Hedge Wizard on May 26, 2023.
             Was an Initiate of Makhleb.
             Slain by Maggie
             ... wielding a +0 scimitar
              (12 damage)
             ... on level 6 of the Dungeon.
             The game lasted 00:14:29 (5012 turns).

PriceMaster the Thaumaturge (Deep Elf Hedge Wizard) Turns: 5012, Time: 00:14:30

Health: -1/36      AC:  2    Str:  7    XL:     7   Next: 55%
Magic:  1/22       EV: 13    Int: 21    God:    Makhleb [......]
Gold:   156        SH:  0    Dex: 14    Spells: 19/25 levels left

rFire   . . .        v - +1 dagger (venom)
rCold   . . .        (no shield)
rNeg    . . .        b - +0 robe
rPois   .            c - +0 hat
rElec   .            (no cloak)
rCorr   .            (no gloves)
SInv    .            (no boots)
Will    .....        i - amulet of faith
Stlth   ++           j - ring of flight
HPRegen 0.26/turn    (no ring)
MPRegen 0.18/turn

%: faith
@: about to teleport, on blink cooldown, immotile, flying, very slightly
contaminated
A: no striking features
a: Renounce Religion


You were on level 6 of the Dungeon.
You worshipped Makhleb.
Makhleb was noncommittal.
You visited 1 branch of the dungeon, and saw 5 of its levels.

You collected 156 gold pieces.

Inventory:

Hand Weapons
 a - a +0 dagger
 v - a +1 dagger of venom (weapon)
Missiles
 s - a throwing net
Armour
 b - a +0 robe (worn)
 c - a +0 hat (worn)
Jewellery
 i - an amulet of faith (around neck)
 j - a ring of flight (left hand)
Scrolls
 f - 2 scrolls of identify {unknown}
 h - a scroll of immolation
 k - a scroll of enchant armour {unknown}
 n - a scroll of poison {unknown}
 o - a scroll of magic mapping {unknown}
 r - 2 scrolls of fog {unknown}
 u - 3 scrolls of fear {unknown}
 w - a scroll of noise {unknown}
Potions
 d - a potion of cancellation {unknown}
 e - a potion of resistance {unknown}
 g - 2 potions of magic
 m - a potion of lignification {unknown}
 p - a potion of flight {unknown}
 q - a potion of heal wounds {unknown}


   Skills:
 + Level 0.2 Fighting
 + Level 0.4 Short Blades
 + Level 3.2 Dodging
 + Level 2.9 Stealth
 * Level 9.9 Spellcasting
 + Level 3.2 Conjurations
 + Level 3.8 Hexes
 + Level 1.1 Summonings
 + Level 1.4 Translocations


You had 19 spell levels left.
You knew the following spells:

 Your Spells              Type           Power      Damage    Failure   Level
a - Magic Dart            Conj           96%        1d7       1%          1
b - Slow                  Hex            100%       N/A       1%          1
c - Momentum Strike       Conj/Tloc      40%        3d9       3%          2
d - Blink                 Tloc           32%        N/A       5%          2

Your spell library contained the following spells:

 Spells                   Type           Power      Damage    Failure   Level
 Foxfire                  Conj/Fire      68%        2x1d7     3%          1
 Ensorcelled Hibernation  Hex/Ice        36%        N/A       4%          2
 Lesser Beckoning         Tloc           32%        N/A       5%          2
 Call Imp                 Summ           30%        N/A       6%          2
 Cigotuvi's Dreadful Rot  Necr/Pois/Air  20%        N/A       10%         2
 Passwall                 Tmut/Erth      8%         N/A       10%         2
 Mephitic Cloud           Conj/Pois/Air  14%        N/A       13%         3
 Swiftness                Air            10%        N/A       21%         3
 Fireball                 Conj/Fire      8%         3d6       67%         5
 Starburst                Conj/Fire      8%         6d4       99%         6
 Plasma Beam              Fire/Air       5%         2x1d17    100%        6


Dungeon Overview and Level Annotations

Branches:
Dungeon (6/15)             Temple (0/1) D:5

Altars:
Cheibriados
Makhleb

Annotations:
D:6 Maggie


Message History

Maggie is heavily wounded.
Casting: Magic Dart (safe; 1% risk of failure)
Confirm with . or Enter, or press ? or * to list all spells.
Aiming: Magic Dart (safe; 1% risk of failure)
Press: ? - help, Shift-Dir - straight line, f/p - Maggie
Aim: Maggie, wielding a +0 scimitar and wearing +0 swamp dragon scales (heavily wounded, slow, 100% to hit)
You miscast Magic Dart.
Nothing appears to happen.
You are no longer robbed of momentum.
Casting: Magic Dart (safe; 1% risk of failure)
Confirm with . or Enter, or press ? or * to list all spells.
Aiming: Magic Dart (safe; 1% risk of failure)
Press: ? - help, Shift-Dir - straight line, f/p - Maggie
Aim: Maggie, wielding a +0 scimitar and wearing +0 swamp dragon scales (heavily wounded, slow, 100% to hit)
The magic dart hits Maggie but does no damage.
Maggie is heavily wounded.
You feel stable enough to blink again.
Maggie says, "Have you seen any dragons?"
Casting: Magic Dart (safe; 1% risk of failure)
Confirm with . or Enter, or press ? or * to list all spells.
Aiming: Momentum Strike (safe; 3% risk of failure)
Press: ? - help, Dir - move target, f/p - Maggie
Aim: Maggie, wielding a +0 scimitar and wearing +0 swamp dragon scales (heavily wounded, slow, 75% to hit)
The concentrated momentum hits Maggie!
Maggie is severely wounded.
You are unable to move.
Casting: Momentum Strike (safe; 3% risk of failure)
Confirm with . or Enter, or press ? or * to list all spells.
You blink.
Okay, then.
As you read the scroll of teleportation, it crumbles to dust.
You feel strangely unstable.
Casting: Blink (safe; 5% risk of failure)
Confirm with . or Enter, or press ? or * to list all spells.
Aiming: Magic Dart (safe; 1% risk of failure)
Press: ? - help, Shift-Dir - straight line, f/p - Maggie
Aim: Maggie, wielding a +0 scimitar and wearing +0 swamp dragon scales (severely wounded, slow, 100% to hit)
The magic dart hits Maggie but does no damage.
Maggie is severely wounded.
Maggie hits you with a +0 scimitar!
You die...

###.# ##...##
#...# ##+##
#.### #.#
####
#.##...####
#.#........
#..[.....####
#...........
..
#..@......#
#.
#.[.@.....#
#.
##.......##
#.# ##.....##
#.# ##...##
#.# #####
#.#####
#......
#.####.
#######.####.


You could see Maggie (slow).

Vanquished Creatures
  An ice beast (D:6)
  A black bear (D:5)
  2 scorpions
  3 hounds (D:4)
  An orc priest (D:6)
  A gnoll bouda (D:5)
  An orc wizard (D:6)
  7 iguanas
  3 gnolls (D:5)
  7 adders
  4 orcs
  9 endoplasms
  2 giant cockroaches
  2 goblins
  A hobgoblin (D:1)
  2 quokkas (D:5)
  6 ball pythons
  A bat (D:2)
  A frilled lizard (D:1)
  4 kobolds
  3 rats
62 creatures vanquished.

Notes
Turn   | Place    | Note
-------+----------+-------------------------------------------
     0 | D:1      | PriceMaster the Deep Elf Hedge Wizard began the quest for
                  | the Orb.
     0 | D:1      | Reached XP level 1. HP: 10/10 MP: 7/7
   324 | D:1      | Found a faded altar of an unknown god.
   350 | D:1      | Reached skill level 5 in Spellcasting
   399 | D:1      | Reached XP level 2. HP: 15/15 MP: 8/10
   511 | D:1      | Learned a level 1 spell: Slow
  1294 | D:2      | You are sucked into a shaft and drop 2 floors!
  1452 | D:4      | Noticed a scorpion
  1479 | D:4      | Reached XP level 3. HP: 8/19 MP: 9/12
  1519 | D:4      | Killed a scorpion
  1520 | D:4      | Reached skill level 6 in Spellcasting
  1520 | D:4      | Reached skill level 1 in Hexes
  1520 | D:4      | Reached XP level 4. HP: 16/24 MP: 1/14
  1714 | D:4      | Learned a level 2 spell: Momentum Strike
  1754 | D:4      | Reached XP level 5. HP: 13/28 MP: 6/15
  2288 | D:4      | Reached skill level 7 in Spellcasting
  2581 | D:4      | Reached XP level 6. HP: 15/32 MP: 1/18
  2747 | D:4      | Found a burning altar of Makhleb.
  2764 | D:4      | Became a worshipper of Makhleb the Destroyer
  2844 | D:5      | Entered Level 5 of the Dungeon
  3041 | D:5      | Identified the +2 leather armour of the Albatross {rPois
                  | rF- Regen+ Stlth+}
  3446 | D:5      | Found a staircase to the Ecumenical Temple.
  3464 | D:5      | HP: 1/32 [spore (16)]
  3465 | D:5      | Reached skill level 8 in Spellcasting
  3571 | D:5      | Learned a level 2 spell: Blink
  3926 | D:5      | Reached XP level 7. HP: 6/36 MP: 4/21
  4075 | D:5      | Reached skill level 9 in Spellcasting
  4645 | D:6      | Found a snail-covered altar of Cheibriados.
  4814 | D:6      | Noticed Maggie
  5012 | D:6      | Slain by Maggie

Illustrated notes

Levels and vault maps discovered:
D:1:      spicycebolla_green_bress_n_ham, layout_loops_ring,
          hellmonk_ecumenical_altar_blasted
D:2:      layout_loops_cross
D:4:      layout_rooms, kennysheep_little_box, minmay_snake_closets
D:5:      layout_cave_pods, minmay_temple_entry_overgrown,
          hangedman_abyss_or_decor_stagger
D:6:      layout_loops_corners, mainiacjoe_overflow_brackets,
          mainiacjoe_overflow_alcove_4, mainiacjoe_overflow_boulevard,
          lemuel_blue_sif_altar, enter_ossuary_4, uniq_maggie

Skill      XL: |  1  2  3  4  5  6  7 |
---------------+----------------------+-----
Spellcasting   | 5 6 7 8 9 |  9.9
Dodging        | 3 |  3.2
Conjurations   | 2 3 |  3.2
Hexes          | 1 2 3 |  3.8
Fighting       | |  0.2
Short Blades   | |  0.4
Stealth        | |  2.9
Summonings     | |  1.1
Translocations | |  1.4

Action                     |  1- 3 |  4- 6 |  7- 9 || total
---------------------------+-------+-------+-------++-------
  Melee: Dagger            |    21 |    18 |     8 ||    47
   Cast: Magic Dart        |    74 |    81 |    54 ||   209
         Slow              |    18 |    24 |    15 ||    57
         Momentum Strike   |       |    17 |    11 ||    28
         Blink             |       |     2 |     5 ||     7
    Use: Potion            |     3 |       |     1 ||     4
         Scroll            |     2 |     2 |     2 ||     6
 Armour: Robe              |    10 |     4 |     1 ||    15
  Dodge: Dodged            |    41 |    28 |     7 ||    76
